 Dungeon Crawl Stone Soup version 0.18.1-1-g2f07953 (webtiles) character file.

98 Hipnos the Insei (level 4, -8/28 HPs)
             Began as an Octopode Transmuter on May 8, 2016.
             Mangled by a gnoll
             ... wielding a +0 flail
              (11 damage)
             ... on level 2 of the Dungeon.
             The game lasted 00:09:32 (2477 turns).

Hipnos the Insei (Octopode Transmuter)              Turns: 2477, Time: 00:09:36

Health: -8/28      AC:  1    Str: 10    XL:     4   Next: 69%
Magic:  16/16      EV: 13    Int: 15    God:
Gold:   102        SH:  0    Dex: 12    Spells: 2 memorised, 4 levels left

rFire  . . .     SeeInvis .     e - +0 dagger
rCold  . . .     Gourm    .     (no shield)
rNeg   . . .     Faith    .     (helmet restricted)
rPois  .         Spirit   .     (no amulet)
rElec  .         Dismiss  .     m - ring of magical power
rCorr  .         Reflect  .     (no ring)
SustAt .         Harm     .     (no ring)
MR     .....                    (no ring)
Stlth  +++.......               (no ring)
                                (no ring)
                                (no ring)
                                (no ring)

@: not resistant to hostile enchantments, fairly stealthy
A: almost no armour, amphibious, 8 rings, constrict 8, camouflage 1, gelatinous
body 1
a: no special abilities


You were on level 2 of the Dungeon.
You were not hungry.

You visited 1 branch of the dungeon, and saw 2 of its levels.

You collected 102 gold pieces.

Inventory:

Hand Weapons
 e - a +0 dagger (weapon)
Missiles
 a - 37 arrows
Armour
 f - a +0 shield
Jewellery
 m - a ring of magical power (left tentacle)
Scrolls
 d - a scroll of blinking {unknown}
 h - a scroll of magic mapping {unknown}
 i - 2 scrolls of remove curse {unknown}
 o - a scroll of teleportation {unknown}
Potions
 g - a potion of haste {unknown}
 k - 3 potions of curing {unknown}
 l - a potion of cure mutation {unknown}
Books
 b - a book of Changes

   Spells                             Type                      Level
   a - Beastly Appendage              Transmutation                1
   b - Sticks to Snakes               Transmutation                2
   c - Spider Form                    Transmutation/Poison         3
   d - Ice Form                       Ice/Transmutation            4
   e - Blade Hands                    Transmutation                5
Comestibles
 c - 2 bread rations
 j - 2 meat rations
 n - a slice of pizza


   Skills:
 + Level 1.6 Fighting
 + Level 2.9 Dodging
 + Level 1.3 Stealth
 - Level 0.2 Shields
 + Level 3.5 Unarmed Combat
 * Level 2.5 Spellcasting
 * Level 2.5 Transmutations


You had 4 spell levels left.
You knew the following spells:

 Your Spells              Type           Power        Failure   Level  Hunger
a - Beastly Appendage     Trmt           #.....       10%         1    #......
b - Spider Form           Trmt/Pois      #.........   43%         3    ###....


Dungeon Overview and Level Annotations

Branches:
Dungeon (2/15)

Altars:


Innate Abilities, Weirdness & Mutations

You cannot wear most types of armour.
You are amphibious.
You can wear up to eight rings at the same time.
You can use your tentacles to constrict eight enemies at once.
Your skin changes colour to match your surroundings (Stealth).
Your rubbery body absorbs attacks (AC +1).


Message History

The gnoll is severely wounded.
The gnoll barely misses you.
You barely miss the gnoll. You grab the gnoll. You constrict the gnoll.
The gnoll hits you from afar with a spear!
You hit the gnoll.
The gnoll is moderately wounded.
You constrict the gnoll. The gnoll barely misses you.
The gnoll hits you with a flail.
You hit the gnoll but do no damage. You grab the gnoll.
The gnoll is severely wounded.
You constrict the gnoll.
You constrict the gnoll, but do no damage.
The gnoll barely misses you. The gnoll hits you with a flail.
You completely miss the gnoll.
The gnoll is severely wounded.
You constrict the gnoll, but do no damage.
You constrict the gnoll. The gnoll hits you with a flail!
* * * LOW HITPOINT WARNING * * *
The gnoll misses you. The gnoll hits you with a flail!
You die...

#..........
###.......†<. #
......#....... #.
.......#...... #.
###......#.#..... #..
.........##.#....
#..##<.......###.#...
#..g.........# ##.#.)
#..#@.....#..# ##.#.
#.gg!........### ##.#
#.###.#..#.#... ..#.
# #.##.#†#.# ###.#
##.#......# ##.#.
#.##.........# ##.#..
#............###.#...
####......#..##.#....
#######..#..#.#.....


You could see 3 gnolls.

Vanquished Creatures
  2 adders (D:2)
  8 dart slugs
  3 giant geckos
  2 giant cockroaches (D:1)
  11 goblins
  5 hobgoblins
  2 jackals (D:1)
  2 ball pythons (D:2)
  6 bats
  2 giant newts
  A jackal skeleton (D:2)
  6 kobolds
  11 rats
61 creatures vanquished.

Notes
Turn   | Place    | Note
--------------------------------------------------------------
     0 | D:1      | Hipnos the Octopode Transmuter began the quest for the Orb.
     0 | D:1      | Reached XP level 1. HP: 13/13 MP: 3/3
   255 | D:1      | Reached XP level 2. HP: 14/18 MP: 5/5
   634 | D:1      | Reached XP level 3. HP: 9/23 MP: 6/6
  1072 | D:1      | Learned a level 3 spell: Spider Form
  1532 | D:1      | Reached skill level 1 in Stealth
  1669 | D:2      | HP: 1/23 [ball python (1)]
  2000 | D:2      | Reached XP level 4. HP: 27/28 MP: 5/7
  2477 | D:2      | Mangled by a gnoll

Skill      XL: |  1  2  3 |
---------------+----------+-----
Stealth        | 1 |  1.3
Fighting       | |  1.6
Dodging        | |  2.9
Shields        | |  0.2
Unarmed Combat | |  3.5
Spellcasting   | |  2.5
Transmutations | |  2.5

Action                   |  1- 3 |  4- 6 || total
-------------------------+-------+-------++-------
Melee: Unarmed           |    37 |       ||    37
       Constrict         |    28 |    11 ||    39
       Tentacles         |    16 |     9 ||    25
       Kick              |     3 |     3 ||     6
       Dagger            |    64 |    42 ||   106
       Punch             |     1 |     2 ||     3
 Cast: Beastly Appendage |     3 |     1 ||     4
  Use: Scroll            |     1 |       ||     1
 Stab: Sleeping          |     5 |     2 ||     7
  Eat: Chunk             |     2 |     3 ||     5
Armor: Skin              |    11 |     5 ||    16
Dodge: Dodged            |    48 |    29 ||    77
Block: Shield            |    18 |       ||    18
